 Dungeon Crawl Stone Soup version 0.32-a0-711-g016ad743e0 (webtiles) character file.

Game seed: 5132887612260028564

2997 croobank the Sneak (level 9, -5/59 HPs)
             Began as an Octopode Summoner on Mar 15, 2024.
             Was a Follower of Kikubaaqudgha.
             Killed from afar by a steam dragon (18 damage)
             ... with a ball of steam
             ... on level 7 of the Dungeon.
             The game lasted 00:28:15 (7344 turns).

croobank the Sneak (Octopode Summoner)              Turns: 7344, Time: 00:28:16

Health: -5/59      AC:  1    Str:  7    XL:     9   Next: 84%
Magic:  11/18      EV: 14    Int: 21    God:    Kikubaaqudgha [*.....]
Gold:   182        SH:  0    Dex: 13    Spells: 2/20 levels left

rFire   . . .        r - +3 dagger (drain)
rCold   . . .        (no shield)
rNeg    . . .        (helmet currently unavailable)
rPois   .            (no amulet)
rElec   .            (no ring)
rCorr   .            (no ring)
SInv    .            (no ring)
Will    .....        (no ring)
Stlth   ++++         (no ring)
HPRegen 0.29/turn    (no ring)
MPRegen 0.16/turn    (no ring)
                     (no ring)

%: no passive effects
@: beast-form, unable to call your familiar
A: beast (slay +1), almost no armour, amphibious, 8 rings, camouflage 1,
gelatinous body 1, (nimble swimmer 1), tentacles
a: Begin Untransformation, Renounce Religion, Unearth Wretches


You were on level 7 of the Dungeon.
You worshipped Kikubaaqudgha.
Kikubaaqudgha was aware of your devotion.
You were a hulking beast.
You visited 2 branches of the dungeon, and saw 8 of its levels.

You collected 376 gold pieces.
You spent 194 gold pieces at shops.

Inventory:

Hand Weapons
 d - a +0 mace
 i - a +0 hand axe of flaming
 k - a +0 trident
 r - a +3 dagger of draining (weapon)
 u - a +0 dire flail of holy wrath
 w - a +1 vampiric dagger
 y - a +0 short sword of draining
Missiles
 b - 5 darts of dispersal
 f - 2 boomerangs
 q - 32 poisoned darts
 t - 2 throwing nets
Armour
 m - a +1 tower shield
Jewellery
 h - a +5 ring of evasion
Talismans
 x - a beast talisman (active)
Wands
 o - a wand of mindburst (2)
 s - a wand of flame (21)
Scrolls
 v - 3 scrolls of teleportation
Potions
 a - a potion of magic
 c - 2 potions of attraction
 e - a potion of enlightenment
 g - 7 potions of curing
 j - 2 potions of cancellation
 l - a potion of brilliance
 n - 2 potions of haste {unknown}
 p - 2 potions of lignification {unknown}


   Skills:
 + Level 4.3 Fighting
 + Level 5.0 Dodging
 + Level 7.1 Stealth
 * Level 6.1 Spellcasting
 + Level 6.1 Summonings
 - Level 5.0 Fire Magic
 * Level 2.5 Air Magic
 + Level 3.4 Shapeshifting


You had 2 spell levels left.
You knew the following spells:

 Your Spells              Type           Power      Damage    Failure   Level
a - Summon Small Mammal   Summ           100%       N/A       1%          1
b - Call Imp              Summ           64%        N/A       1%          2
c - Call Canine Familiar  Summ           32%        N/A       2%          3
d - Summon Blazeheart Go  Fire/Summ      29%        N/A       10%         4
e - Summon Lightning Spi  Summ/Air       24%        N/A       16%         4
A - Animate Dead          Necr           6%         N/A       67%         4

Your spell library contained the following spells:

 Spells                   Type           Power      Damage    Failure   Level
 Apportation              Tloc           12%        N/A       10%         1
 Kiss of Death            Conj/Necr      24%        2d7       10%         1
 Necrotise                Necr           24%        1d5       10%         1
 Cigotuvi's Dreadful Rot  Necr/Alch/Air  20%        N/A       11%         2
 Ensorcelled Hibernation  Hex/Ice        12%        N/A       14%         2
 Jinxbite                 Hex            12%        N/A       14%         2
 Lesser Beckoning         Tloc           12%        N/A       14%         2
 Sublimation of Blood     Necr           6%         N/A       14%         2
 Confusing Touch          Hex            6%         N/A       28%         3
 Fugue of the Fallen      Necr           6%         N/A       28%         3
 Gell's Gravitas          Tloc           6%         N/A       28%         3
 Teleport Other           Tloc           6%         N/A       28%         3
 Tukima's Dance           Hex            6%         N/A       28%         3
 Anguish                  Hex/Necr       3%         N/A       67%         4
 Dispel Undead            Necr           6%         3d8       67%         4
 Passage of Golubria      Tloc           6%         N/A       67%         4
 Alistair's Intoxication  Alch           4%         N/A       95%         5
 Yara's Violent Unravell  Hex/Alch       3%         3d4       95%         5


Dungeon Overview and Level Annotations

Branches:
Dungeon (7/15)             Temple (1/1) D:5

Altars:
Ashenzari
Cheibriados
Dithmenos
Elyvilon
Fedhas
Gozag
Hepliaklqana
Kikubaaqudgha
Nemelex Xobeh
Ru
Sif Muna
Trog
Uskayaw
Xom
Yredelemnul
Zin
The Shining One

Shops:
D:1 *   D:5 !   D:6 *(


Innate Abilities, Weirdness & Mutations

You are a hulking beast.
Your limbs bulge with bestial killing power. (Slay +1)
You cannot wear most types of armour.
You are amphibious.
You can wear up to eight rings at the same time.
Your skin changes colour to match your surroundings (Stealth+).
Your rubbery body absorbs attacks. (AC +1, EV +1)
((You are camouflaged when in or above water. (Stealth+)))
You have tentacles for arms and can constrict up to eight enemies at once.


Message History

The river rat barely misses you.
Your inugami hits the river rat. You barely miss the river rat.
You grab the river rat.
The river rat is heavily wounded.
You constrict the river rat.
You kill the river rat!
Kikubaaqudgha accepts your kill. The hound closely misses you.
A steam dragon comes into view.
The hound barely misses you.
You hit the hound. You drain the hound. Your grab misses the hound.
The hound is heavily wounded.
The hound bites you.
You hit the hound. You drain the hound. Your grab misses the hound.
Your squeeze misses the hound.
The hound is severely wounded.
The hound misses you. The steam dragon breathes steam at you.
The ball of steam hits you! The hound bites you.
You hit the hound. You drain the hound.
You kill the hound!
Kikubaaqudgha accepts your kill.
You are engulfed in a cloud of scalding steam.
The steam dragon breathes steam at you. The ball of steam hits you!!
* * * LOW HITPOINT WARNING * * *
You see here a +0 whip.
You swap places.
Your inugami is engulfed in a cloud of scalding steam.
Your inugami is engulfed in a cloud of scalding steam.
Your inugami dies!
Your inugami disappears in a puff of smoke!
You see here a +0 dagger.
Items here: ( ))) [ †.
Casting: Call Canine Familiar (dangerous; 2% risk of failure)
Confirm with . or Enter, or press ? or * to list all spells.
An electric hum fills the air.
The steam dragon breathes steam at you. The ball of steam hits you!!
You die...
Kikubaaqudgha rasps: You have failed me!
Welcome... death!

## ..#...... ♣§♣ ♣.♣ .♣. ♣ .#
♣♣.....)♣♣ ♣§♣.♣ ♣.. .♣ .#
♣.♣...o♣.♣♣ ♣.♣.♣P♣ .P. .#
#♣...).♣...♣♣♣§♣.♣.♣ .P♣ .#
#.♣...D.♣♣)♣..♣#♣..♣♣..♣
######.###§§♣.)..÷♣#..../.♣
............♣.....##.)..#.♣♣#
####...#....)D§)))[)........#
#.#......§.I§h(#..#........
#.....#.##..(...<....#.####
###.###.###$##.......#.# ...#
#.......#####...... #####
######### #######


You could see a steam dragon (catching breath, ally target) and a friendly
lightning spire (summoned).

Vanquished Creatures
  Grinder (D:6)
  Edmund (D:4)
  An orc warrior (D:6)
  An ice beast (D:5)
  An ogre (D:6)
  A centaur (D:6)
  2 kobold brigands (D:7)
  3 scorpions
  A water moccasin zombie (D:5)
  An electric eel (D:6)
  A howler monkey (D:6)
  3 hounds
  3 bombardier beetles
  3 orc priests
  Ijyb (D:4)
  2 iguanas
  Natasha (D:4)
  An orc wizard (D:5)
  A hound skeleton (D:5)
  4 gnolls
  2 river rats (D:7)
  5 adders
  An adder skeleton (D:5)
  An adder zombie (D:5)
  A dart slug (D:1)
  11 orcs
  2 bats (D:2)
  2 endoplasms
  9 giant cockroaches
  5 goblins
  3 hobgoblins
  2 jackals (D:1)
  4 ball pythons (D:2)
  A frilled lizard (D:2)
  9 kobolds
  2 rats
93 creatures vanquished.

Vanquished Creatures (collateral kills)
  A water moccasin (D:3)
  Pargi (D:4)
  2 ogres (D:7)
  A nameless horror (D:6)
  3 phantoms (D:5)
  A bullfrog (D:7)
  3 howler monkeys
  A bombardier beetle (D:6)
  A jelly (D:4)
  2 gnoll boudas
  An orc priest (D:6)
  A hound (D:4)
  Natasha (D:4)
  2 orc wizards
  A hound skeleton (D:5)
  Robin (D:3)
  A howler monkey zombie (D:5)
  6 gnolls
  A river rat (D:7)
  5 adders
  A white imp (D:5)
  A ribbon worm (D:2)
  A dart slug (D:1)
  19 orcs
  2 bats
  4 endoplasms
  4 giant cockroaches
  7 goblins
  4 hobgoblins
  A jackal (D:1)
  11 kobolds
  7 ball pythons
  3 frilled lizards
  A rat (D:1)
102 creatures vanquished.

Vanquished Creatures (others)
  A bombardier beetle (D:5)
  5 blazeheart cores
6 creatures vanquished.

Grand Total: 201 creatures vanquished

Notes
Turn   | Place    | Note
-------+----------+-------------------------------------------
     0 | D:1      | croobank the Octopode Summoner began the quest for the Orb.
     0 | D:1      | Reached XP level 1. HP: 11/11 MP: 3/3
   311 | D:1      | Reached XP level 2. HP: 18/18 MP: 0/5
   365 | D:1      | Learned a level 2 spell: Call Imp
   455 | D:1      | Reached skill level 3 in Stealth
   944 | D:1      | Found Ruuk's General Store.
   956 | D:1      | Bought a scroll of identify for 20 gold pieces
  1414 | D:2      | Reached XP level 3. HP: 22/22 MP: 2/6
  1418 | D:2      | Learned a level 3 spell: Call Canine Familiar
  1584 | D:2      | Reached skill level 1 in Fighting
  1963 | D:2      | Reached XP level 4. HP: 28/28 MP: 0/7
  2198 | D:2      | Found a faded altar of an unknown god.
  2704 | D:3      | Reached XP level 5. HP: 33/33 MP: 3/9
  2722 | D:3      | Learned a level 4 spell: Summon Blazeheart Golem
  2779 | D:3      | Noticed a water moccasin
  2793 | D:3      | Killed a water moccasin
  2794 | D:3      | Reached skill level 4 in Stealth
  2794 | D:3      | Reached skill level 1 in Fire Magic
  2794 | D:3      | Reached XP level 6. HP: 35/39 MP: 1/11
  2888 | D:3      | Found a sparkling altar of Nemelex Xobeh.
  3215 | D:3      | Noticed Robin
  3245 | D:3      | Killed Robin
  3289 | D:3      | Found a snail-covered altar of Cheibriados.
  3517 | D:4      | Noticed Ijyb
  3522 | D:4      | Killed Ijyb
  3544 | D:4      | Found a sacrificial altar of Ru.
  3609 | D:4      | Reached XP level 7. HP: 40/45 MP: 7/12
  3634 | D:4      | Noticed Pargi
  3647 | D:4      | Killed Pargi
  3903 | D:4      | Reached skill level 5 in Stealth
  4001 | D:4      | Reached skill level 5 in Summonings
  4048 | D:4      | Noticed Natasha
  4053 | D:4      | Noticed Edmund
  4055 | D:4      | Killed Natasha
  4067 | D:4      | Killed Edmund
  4189 | D:4      | Found a hazy altar of Hepliaklqana.
  4452 | D:4      | Found a hide-covered altar of Uskayaw.
  4452 | D:4      | Found a blossoming altar of Fedhas.
  4530 | D:4      | Found a glowing silver altar of Zin.
  4530 | D:4      | Found an opulent altar of Gozag.
  4562 | D:4      | Noticed Natasha
  4574 | D:4      | Killed Natasha
  4575 | D:4      | Reached XP level 8. HP: 49/51 MP: 6/14
  4645 | D:5      | Entered Level 5 of the Dungeon
  4839 | D:5      | Reached skill level 1 in Shapeshifting
  4988 | D:5      | Identified the +0 scale mail of Qazlal's Generosity {+Blink
                  | rCorr Str+3 Int-2}
  5022 | D:5      | Learned a level 4 spell: Summon Lightning Spire
  5093 | D:5      | Reached skill level 5 in Spellcasting
  5207 | D:5      | Found Tutan's Distillery.
  5213 | D:5      | Bought a potion of might for 44 gold pieces
  5213 | D:5      | Bought a potion of heal wounds for 55 gold pieces
  5300 | D:5      | Found a staircase to the Ecumenical Temple.
  5448 | D:5      | Reached skill level 6 in Stealth
  5730 | Temple   | Entered the Ecumenical Temple
  5730 | Temple   | Noticed a blizzard demon
  5730 | Temple   | Noticed a rust devil
  5731 | Temple   | Noticed Qaqat the pandemonium lord
  5731 | Temple   | Noticed Sitred the pandemonium lord
  5733 | Temple   | Noticed a Hell Sentinel
  5733 | Temple   | Noticed Apesoen the pandemonium lord
  5749 | Temple   | Became a worshipper of Kikubaaqudgha
  5764 | Temple   | Noticed Leuth the pandemonium lord
  5939 | D:6      | Reached XP level 9. HP: 21/57 MP: 6/16
  6340 | D:6      | Found Syong's Weapon Emporium.
  6613 | D:6      | Found Ziproumi's Elemental Accessories.
  6621 | D:6      | Bought a wand of flame (9) for 75 gold pieces
  6649 | D:6      | Reached skill level 5 in Fire Magic
  6825 | D:6      | Noticed Grinder
  6832 | D:6      | Killed Grinder
  6833 | D:6      | Reached skill level 1 in Air Magic
  7028 | D:7      | Reached * piety under Kikubaaqudgha
  7028 | D:7      | Received a gift from Kikubaaqudgha
  7255 | D:7      | Learned a level 4 spell: Animate Dead
  7307 | D:7      | Reached skill level 7 in Stealth
  7313 | D:7      | Reached skill level 5 in Dodging
  7344 | D:7      | Killed from afar by a steam dragon

Illustrated notes

Levels and vault maps discovered:
D:1:      nicolae_arrival_somewhat_less_tricky_arrival, layout_basic,
          serial_shops, nicolae_shop_real_fake_doors
D:2:      minmay_roachtagon, layout_rooms,
          shapermc_ecumenical_altar_totnotflames, minmay_diced_spiral
D:3:      layout_rooms, nemelex_xobeh_ov_fountains_minmay,
          mainiacjoe_overflow_24_doors, uniq_robin
D:4:      layout_cave_pools, grunt_temple_overflow_gold_and_silver,
          mainiacjoe_overflow_concentric_impassable,
          nicolae_hepliaklqana_hazy_memory, nicolae_overflow_two_pavilions,
          minmay_misc_feat_diagonals, minmay_misc_feat_alley, uniq_edmund,
          uniq_natasha, uniq_ijyb, uniq_pargi
D:5:      layout_loops_cross, lemuel_temple_firewalk_b, serial_undead,
          serial_undead_b, serial_undead_d, serial_undead_f, serial_undead_a,
          serial_undead_b, serial_undead_e, serial_shops,
          nicolae_shop_industrial_runoff
D:6:      layout_basic, serial_shops, nicolae_shop_crystal,
          nicolae_elemental_shop, serial_bayou_pond_b, uniq_grinder
D:7:      wad_woods_settlement, layout_basic,
          mainiacjoe_overflow_surrounded_room, general_overflow_altar
Temple:   nicolae_temple_panitentiary

Skill      XL: |  1  2  3  4  5  6  7  8  9 |
---------------+----------------------------+-----
Stealth        | 3 4 5 6 7 |  7.1
Fighting       | 1 2 3 4 |  4.3
Spellcasting   | 3 4 5 6 |  6.1
Dodging        | 3 4 5 |  5.0
Fire Magic     | 1 2 3 4 5 |  5.0
Summonings     | 5 6 |  6.1
Shapeshifting  | 2 3 |  3.4
Air Magic      | 2 |  2.5

Action                     |  1- 3 |  4- 6 |  7- 9 || total
---------------------------+-------+-------+-------++-------
  Melee: Tentacles         |     6 |    10 |    26 ||    42
         Unarmed           |     2 |       |       ||     2
         Constrict         |     8 |    18 |    19 ||    45
         Mace              |    23 |    35 |       ||    58
         Dagger            |       |    12 |   100 ||   112
   Cast: Summon Small Mamm |    33 |    27 |    39 ||    99
         Call Imp          |    14 |    14 |    21 ||    49
         Call Canine Famil |     4 |     4 |    13 ||    21
         Summon Blazeheart |       |     1 |     9 ||    10
         Summon Lightning  |       |       |     2 ||     2
  Evoke: Wand              |       |       |     4 ||     4
    Use: Scroll            |     2 |     2 |     5 ||     9
         Potion            |       |       |     5 ||     5
   Stab: Sleeping          |     4 |     7 |    14 ||    25
 Armour: Skin              |    17 |    31 |    66 ||   114
  Dodge: Dodged            |    31 |    53 |    76 ||   160
   Form: Beast             |       |       |     1 ||     1

Table legend: (Time is in decaauts)
 A = Elapsed time spent in this place.
 B = Non-inter-level travel time spent in this place.
 C = Inter-level travel time spent in this place.
 D = Time resting spent in this place.
 E = Time spent auto-exploring this place.
 F = Levels seen in this place.
 G = Mean time per level.
                   A        B        C        D        E       F      G
               +--------+--------+--------+--------+--------+-----+--------+
         Total |   7365 |   7182 |    183 |    564 |   4957 |   8 |  920.6 |
       Dungeon |   7326 |   7162 |    164 |    564 |   4957 |   7 | 1046.6 |
        Temple |     38 |     19 |     19 |      0 |      0 |   1 |   38.0 |
               +--------+--------+--------+--------+--------+-----+--------+

Top non-repeatable levels by time:
     D:1: 1394 daAuts
     D:6: 1313 daAuts
     D:2: 1218 daAuts
     D:4: 1126 daAuts
     D:5: 1115 daAuts
     D:3: 926 daAuts
     D:7: 232 daAuts
  Temple: 38 daAuts
